Map: Central Protocol

Players

Marmot

  • Race: Zerg Zerg
  • League: Platinum

BlAckSuN - Winner!

  • Race: Protoss Protoss
  • League: Platinum

VOD

Have the link to the VOD?

Description

Time

  • Played on: Nov. 20, 2015, 11:33 a.m.
  • Length: 6:03
Show
View Real Time Build Order
Export as new Build Order

Marmot Zerg 

Build Orders: Hatch First 

Get SALT Encoding   

  12  0:00  Drone  
  13  0:11  Drone  
  14  0:14  Extractor  
  14  0:16  Drone  
  15  0:39  Hatchery  
  14  0:47  Extractor  
  14  0:48  Drone  
  14  0:49  Extractor  
  14  0:50  Drone  
  15  1:04  Spawning Pool  
  15  1:08  Extractor  
  13  1:17  Drone  
  15  1:20  Overlord  
  15  1:34  Extractor  
  15  1:50  Queen  
  15  1:51  Queen  
  19  1:55  Zergling x2  
  20  2:21  Zergling x2  
  21  2:24  Drone x5  
  26  2:37  Overlord  
  26  2:40  Overlord  
  25  2:58  Zergling x6  
  25  2:59  Zergling x2  
  26  3:19  Zergling x2  
  28  3:20  Zergling x12  
  32  3:28  Metabolic Boost  
  30  3:58  Zergling x16  
  30  4:15  Zergling x10  
  31  4:40  Zergling x16  
  34  5:02  Zergling x12  
  39  5:14  Zergling x4  
  36  5:27  Zergling x4  
  36  5:34  Zergling x4  
  29  5:45  Zergling x12  
Show
View Real Time Build Order
Export as new Build Order

BlAckSuN Protoss - Winner!

Build Orders:  

Get SALT Encoding   

  12  0:01  Probe (Chrono Boost)  
  13  0:24  Pylon  
  13  0:27  Probe (Chrono Boost)  
  14  0:38  Probe (Chrono Boost)  
  14  0:42  Assimilator  
  15  0:48  Probe (Chrono Boost)  
  16  0:54  Gateway  
  16  1:12  Probe (Chrono Boost)  
  16  1:17  Pylon  
  17  1:21  Assimilator  
  17  1:23  Probe (Chrono Boost)  
  18  1:33  Probe (Chrono Boost)  
  19  1:44  Zealot  
  21  1:52  Probe (Chrono Boost)  
  22  1:55  Cybernetics Core  
  22  2:07  Gateway  
  22  2:09  Forge  
  22  2:14  Zealot  
  24  2:29  Probe (Chrono Boost)  
  24  2:38  Warp Gate  
  24  2:39  Probe (Chrono Boost)  
  24  2:44  Photon Cannon  
  25  2:46  Photon Cannon  
  25  2:50  Mothership Core (Chrono Boost)  
  27  2:55  Adept  
  27  3:23  Adept  
  27  3:24  Adept  
  29  3:32  Probe (Chrono Boost), Nexus  
  30  3:43  Probe (Chrono Boost)  
  31  3:51  Pylon  
  31  4:09  Probe (Chrono Boost)  
  32  4:15  Zealot x2  
  36  4:19  Probe (Chrono Boost)  
  37  4:30  Probe (Chrono Boost)  
  32  4:42  Zealot (Chrono Boost)  
  32  4:44  Zealot (Chrono Boost)  
  36  4:46  Photon Cannon  
  36  4:49  Pylon  
  30  5:13  Zealot (Chrono Boost)  
  30  5:14  Zealot (Chrono Boost)  
  33  5:20  Probe  
  30  5:32  Probe  
  27  5:36  Zealot (Chrono Boost)  
Tags
 
Add a new tag
Caveats
  • Supply blocks, unpowered buildings, or Contaminate may cause inaccurate times.
  • Supply counts are checked every 10 seconds.